 Dungeon Crawl Stone Soup version 0.32-a0-938-g40ac7a0f4d (webtiles) character file.

Game seed: 17442893171663322044

261 uglyjohn the Conjurer (level 5, -2/38 HPs)
             Began as a Draconian Conjurer on Apr 15, 2024.
             Blown up by Ijyb (6 damage)
             ... with a mindburst bolt
             ... on level 3 of the Dungeon.
             The game lasted 00:03:39 (2838 turns).

uglyjohn the Conjurer (Draconian Conjurer)          Turns: 2838, Time: 00:03:39

Health: -2/38      AC:  5    Str:  9    XL:     5   Next: 96%
Magic:  2/10       EV: 11    Int: 20    God:
Gold:   146        SH:  0    Dex: 10    Spells: 8/11 levels left

rFire   . . .        o - +2 short sword (speed)
rCold   . . .        (no shield)
rNeg    . . .        (body armour unavailable)
rPois   .            (helmet restricted)
rElec   .            (no cloak)
rCorr   .            (no gloves)
SInv    .            (no boots)
Will    .....        (no amulet)
Stlth   ++           (no ring)
HPRegen 0.26/turn    (no ring)
MPRegen 0.12/turn

%: no passive effects
@: no status effects
A: AC +5, unfitting armour, cold-blooded
a: no special abilities


You were on level 3 of the Dungeon.
You visited 1 branch of the dungeon, and saw 3 of its levels.

You collected 146 gold pieces.

Inventory:

Hand Weapons
 o - a +2 short sword of speed (weapon)
Missiles
 d - a throwing net
Scrolls
 b - a scroll of teleportation {unknown}
 e - a scroll of fear {unknown}
 f - 4 scrolls of fog {unknown}
 g - 2 scrolls of amnesia {unknown}
 h - 2 scrolls of brand weapon {unknown}
 i - a scroll of immolation {unknown}
 k - 2 scrolls of revelation {unknown}
 l - a scroll of identify {unknown}
 m - a scroll of blinking {unknown}
 p - a scroll of acquirement {unknown}
Potions
 a - 2 potions of magic
 c - a potion of resistance {unknown}
 j - a potion of might {unknown}
 n - a potion of curing {unknown}
 q - a potion of enlightenment {unknown}


   Skills:
 - Level 1.7 Dodging
 - Level 1.7 Stealth
 + Level 3.7 Spellcasting
 * Level 6.3 Conjurations


You had 8 spell levels left.
You knew the following spells:

 Your Spells              Type           Power      Damage    Failure   Level
a - Magic Dart            Conj           100%       1d8       1%          1
b - Searing Ray           Conj           58%        2d6       1%          2

Your spell library contained the following spells:

 Spells                   Type           Power      Damage    Failure   Level
 Dazzling Flash           Conj/Hex       32%        N/A       11%         3
 Apportation              Tloc           6%         N/A       13%         1
 Jinxbite                 Hex            6%         N/A       21%         2
 Fulminant Prism          Conj/Alch      8%         3d6       34%         4
 Iskenderun's Mystic Bla Conj/Tloc 16%            2d5        (+2d2     34%         4
 Cause Fear               Hex            1%         N/A       78%         4
 Alistair's Intoxication  Alch           2%         N/A       98%         5
 Borgnjor's Vile Clutch   Necr/Erth      1%         N/A       98%         5
 Summon Mana Viper        Hex/Summ       3%         N/A       98%         5
 Eringya's Noxious Bog    Alch           1%         4d6       100%        6


Dungeon Overview and Level Annotations

Branches:
Dungeon (3/15)

Altars:

Annotations:
D:3 Ijyb


Innate Abilities, Weirdness & Mutations

Your plain brown scales are hard. (AC +5)
You cannot fit into any form of body armour.
You are cold-blooded and may be slowed by cold attacks.


Message History

Unknown command.
Magic restored.
p - a scroll labelled FAUFFY MUGGIGI
q - a murky white potion You open the door.
Ijyb the Inquisitive comes into view.
She is wielding a +0 club and carrying a wand of mindburst.
Found 15 gold pieces.
Ijyb is nearby!
The magic dart hits Ijyb.
Ijyb is lightly wounded.
Ijyb shouts!
Casting: Magic Dart (safe; 1% risk of failure)
Confirm with . or Enter, or press ? or * to list all spells.
Aiming: Searing Ray (safe; 1% risk of failure)
Press: ? - help, Shift-Dir - straight line, f/p - Ijyb
Aim: Ijyb, wielding a +0 club, wearing a +0 leather armour and carrying a wand of mindburst (lightly wounded, 74% to hit)
The searing ray misses Ijyb. (Press . to maintain the ray.)
The searing ray misses Ijyb.
Ijyb zaps a wand.
Your mind is blasted!
Ouch! That really hurt!
The searing ray hits Ijyb.
Ijyb is lightly wounded.
Ijyb zaps a wand.
Your mind is blasted!
* * * LOW HITPOINT WARNING * * *
The searing ray hits Ijyb.
Ijyb is moderately wounded.
You finish channelling your searing ray.
Okay, then.
Unknown command.
Casting: Searing Ray (safe; 1% risk of failure)
Confirm with . or Enter, or press ? or * to list all spells.
Aiming: Searing Ray (safe; 1% risk of failure)
Press: ? - help, Shift-Dir - straight line, f/p - Ijyb
Aim: Ijyb, wielding a +0 club, wearing a +0 leather armour and carrying a wand of mindburst (moderately wounded, 74% to hit)
The searing ray hits Ijyb!
Ijyb is severely wounded. (Press . to maintain the ray.) Ijyb zaps a wand.
Your mind is blasted!
You die...
Ijyb moans, "Good help so hard to find!"

#...# ##...## #.##.# .# #.###
##.....###.##.##.# #.#.##
##.......#........#
####)...####.................#
...........+.................#
###......###..........###....#
# #..#.#.# #.......#.##...#.#
# #..###.# ##.....##.##.###.#
# #..# # ##.@.###........# #
#... ##g## ####.##### # #.#.#
#.# #.# # #.... #.# #.# #.#
#.# $.. #.# ... ..# ... ###


You could see Ijyb.

Vanquished Creatures
  Grinder (D:3)
  3 gnolls (D:2)
  A ribbon worm (D:2)
  3 bats
  3 endoplasms
  A giant cockroach (D:2)
  6 goblins (D:1)
  6 hobgoblins
  2 jackals (D:1)
  6 kobolds
  A quokka (D:2)
  2 ball pythons (D:1)
  A frilled lizard (D:2)
  5 rats
41 creatures vanquished.

Notes
Turn   | Place    | Note
-------+----------+-------------------------------------------
     0 | D:1      | uglyjohn the Draconian Conjurer began the quest for the
                  | Orb.
     0 | D:1      | Reached XP level 1. HP: 14/14 MP: 3/3
   263 | D:1      | Reached XP level 2. HP: 20/20 MP: 3/5
   436 | D:1      | Found a faded altar of an unknown god.
   654 | D:1      | Learned a level 2 spell: Searing Ray
  1133 | D:2      | Reached XP level 3. HP: 26/26 MP: 4/6
  1219 | D:2      | Got the Thoughts on Attacks and Ill Luck
  2054 | D:2      | Reached skill level 5 in Conjurations
  2127 | D:2      | Reached XP level 4. HP: 33/33 MP: 4/8
  2727 | D:3      | Noticed Grinder
  2732 | D:3      | Killed Grinder
  2733 | D:3      | Reached skill level 6 in Conjurations
  2733 | D:3      | Reached XP level 5. HP: 25/38 MP: 1/10
  2832 | D:3      | Noticed Ijyb
  2838 | D:3      | Blown up by Ijyb

Illustrated notes

Levels and vault maps discovered:
D:1:      dpeg_arrival_morbid_curiosity, layout_basic,
          shapermc_ecumenical_altar_flowoftime
D:2:      layout_loops_corners
D:3:      layout_loops_corners, uniq_ijyb, uniq_grinder

Skill      XL: |  1  2  3  4 |
---------------+-------------+-----
Conjurations   | 5 6 |  6.3
Spellcasting   | 3 |  3.7
Dodging        | |  1.7
Stealth        | |  1.7

Action                     |  1- 3 |  4- 6 || total
---------------------------+-------+-------++-------
  Melee: Dagger            |    22 |       ||    22
         Tailslap          |     9 |       ||     9
         Unarmed           |     1 |       ||     1
         Short sword       |     9 |       ||     9
   Cast: Magic Dart        |    66 |    15 ||    81
         Searing Ray       |       |     4 ||     4
 Armour: Skin              |     7 |     2 ||     9
  Dodge: Dodged            |    21 |     1 ||    22

Table legend: (Time is in decaauts)
 A = Elapsed time spent in this place.
 B = Non-inter-level travel time spent in this place.
 C = Inter-level travel time spent in this place.
 D = Time resting spent in this place.
 E = Time spent auto-exploring this place.
 F = Levels seen in this place.
 G = Mean time per level.
                   A        B        C        D        E       F      G
               +--------+--------+--------+--------+--------+-----+--------+
         Total |   2837 |   2510 |    327 |    249 |   2005 |   3 |  945.7 |
       Dungeon |   2837 |   2510 |    327 |    249 |   2005 |   3 |  945.7 |
               +--------+--------+--------+--------+--------+-----+--------+

Top non-repeatable levels by time:
     D:2: 1488 daAuts
     D:1: 1134 daAuts
     D:3: 214 daAuts
